 Dungeon Crawl Stone Soup version 0.29-a0-284-gf9362112df (webtiles) character file.

Game seed: 11709375329687837608

29175 sanka the Nimble (level 13, -26/85 (104) HPs)
             Began as a Gnoll Monk on Mar 14, 2022.
             Was the Champion of Ru.
             Annihilated by Rupert
             ... wielding a +0 triple sword of protection
              (28 damage)
             ... on level 4 of the Lair of Beasts.
             The game lasted 00:35:51 (17796 turns).

sanka the Nimble (Gnoll Monk)                      Turns: 17796, Time: 00:35:51

HP:   -26/85 (104)  AC: 25    Str: 14    XL:     13   Next: 43%
MP:   0/34          EV: 16    Int: 12    God:    Ru [******]
Gold: 1080          SH:  0    Dex: 14    Spells: 28/28 levels left

rFire   . . .      SeeInvis .   a - +5 spear of the Pill Bug {spect, MP+9 Stlth+}
rCold   . . .      Faith    .   (shield unavailable)
rNeg    . . .      Spirit   +   h - +0 acid dragon scales
rPois   .          Reflect  .   V - +1 hat {Stlth+}
rElec   .          Harm     .   D - +0 cloak {Stlth+}
rCorr   +          Rampage  .   o - +2 pair of gloves
Will    .....                   N - +2 pair of boots {Fly}
Stlth   ..........              f - amulet of guardian spirit
HPRegen 0.24/turn               (ring unavailable)
MPRegen 0.24/turn               R - ring of the Tortoise {AC+8}

@: exhausted, about to teleport, marked, flying, heavily drained
A: fangs 1, missing a hand, no stealth, inability to use devices, missing an
eye, strong nose, distributed training
a: Renounce Religion, Draw Out Power, Power Leap, Apocalypse


You were on level 4 of the Lair of Beasts.
You worshipped Ru.
Ru was exalted by your worship.
You visited 4 branches of the dungeon, and saw 18 of its levels.

You collected 1080 gold pieces.


Innate Abilities, Weirdness & Mutations

You have very sharp teeth.
You are missing a hand.
You cannot be stealthy.
You cannot study or use magical devices.
You are missing an eye, making it more difficult to aim.
Your uncanny sense of smell can sniff out nearby items.
Your experience applies equally to all skills.


   Skills:
 + Level 10.6 Fighting
 + Level 8.3 Short Blades
 + Level 8.3 Long Blades
 + Level 10.6 Axes
 + Level 8.3 Maces & Flails
 + Level 8.3 Polearms
 + Level 8.3 Staves
 + Level 8.3 Slings
   Level 0.0 Bows
 + Level 8.3 Crossbows
 + Level 8.3 Throwing
 + Level 8.3 Armour
 + Level 10.6 Dodging
   Level 0.0 Stealth
   Level 0.0 Shields
 + Level 8.3 Unarmed Combat
 + Level 8.3 Spellcasting
 + Level 6.9 Conjurations
 + Level 6.9 Hexes
 + Level 6.9 Summonings
 + Level 6.9 Necromancy
 + Level 6.9 Translocations
 + Level 6.9 Transmutations
 + Level 6.9 Fire Magic
 + Level 6.9 Ice Magic
 + Level 6.9 Air Magic
 + Level 6.9 Earth Magic
 + Level 6.9 Poison Magic
 + Level 9.1 Invocations
   Level 0.0 Evocations


You had 28 spell levels left.
You didn't know any spells.
Your spell library contained the following spells:

 Spells                   Type           Power      Damage    Failure   Level
 Freeze                   Ice            84%        1d10      1%          1
 Static Discharge         Conj/Air       21%        N/A       1%          2
 Frozen Ramparts          Ice            42%        1d6       3%          3
 Tukima's Dance           Hex            21%        N/A       3%          3
 Anguish                  Hex/Necr       10%        N/A       11%         4
 Dispel Undead            Necr           21%        3d11      11%         4
 Hailstorm                Conj/Ice       21%        3d6       11%         4
 Ice Form                 Ice/Tmut       21%        N/A       11%         4
 Sticky Flame             Conj/Fire      21%        2d4       11%         4
 Enfeeble                 Hex            10%        N/A       100%        7
 Disjunction              Tloc           10%        N/A       100%        8
 Necromutation            Tmut/Necr      10%        N/A       100%        8

Inventory:

Hand Weapons
 a - the +5 spear of the Pill Bug (weapon) {spect, MP+9 Stlth+} When its wielder attacks, the weapon's spirit leaps out and strikes again. The spirit shares a part of any damage it takes with its wielder. MP: It affects your magic capacity (+9). Stlth: It makes you more stealthy.
 l - a +0 dagger of venom
 u - a +0 war axe
 y - a +0 hunting sling
 z - a +2 dagger of distortion
 F - a +2 whip of electrocution
Missiles
 x - 24 poisoned darts (quivered)
 B - 9 throwing nets {=f}
 K - a curare-tipped dart {=f}
Armour
 h - +0 acid dragon scales (worn)
 o - a +2 pair of gloves (worn)
 D - a +0 cloak of stealth (worn)
 M - a scarf of shadows
 N - a +2 pair of boots of flying (worn)
 V - a +1 hat of stealth (worn)
Magical Staves
 E - a staff of earth
 L - a staff of cold
Jewellery
 f - an amulet of guardian spirit (around neck)
 s - a +6 ring of strength
 I - a ring of ice
 P - a ring of willpower
 Q - the amulet of the Philosopher {Acrobat Rampage rElec rF- Int+2}

   [amulet of the acrobat]

   It increases your evasion while moving and waiting.
   Int:       It affects your intelligence (+2).
   rF:        It makes you vulnerable to fire.
   rElec:     It insulates you from electricity.
   Rampage:   It bestows one free step when moving towards enemies.
 R - the ring of the Tortoise (right hand) {AC+8}

   [ring of protection]

   AC:        It affects your AC (+8).
Scrolls
 e - 2 scrolls of teleportation {@r4}
 i - a scroll of enchant armour
 n - 4 scrolls of amnesia
 p - a scroll of fear
 q - 2 scrolls of silence {!r}
 t - 3 scrolls of immolation {unknown}
 v - 4 scrolls of brand weapon
 w - 2 scrolls of enchant weapon
 A - 2 scrolls of vulnerability {!r}
 G - a scroll of magic mapping
 H - a scroll of acquirement {unknown}
 T - a scroll of fog {unknown}
Potions
 b - a potion of flight {unknown}
 c - 3 potions of mutation {unknown}
 d - 2 potions of brilliance {unknown}
 g - 4 potions of might {unknown}
 j - 2 potions of curing {@q1}
 k - 3 potions of cancellation {unknown}
 m - 5 potions of heal wounds {unknown}
 r - 3 potions of resistance {unknown}
 C - 3 potions of ambrosia
 J - 4 potions of lignification {unknown}
 O - a potion of degeneration {unknown}
 S - a potion of berserk rage {unknown}
 U - a potion of invisibility {unknown}
 W - a potion of haste {unknown}

Dungeon Overview and Level Annotations

Branches:
Dungeon (11/15)            Temple (1/1) D:5            Lair (4/6) D:10
  Snake (0/4) Lair:4          Orc (2/2) D:9
  Swamp: Lair:2-4    Shoals: Lair:2-4       Elf: Orc:2

Altars:
Ashenzari
Cheibriados
Dithmenos
Elyvilon
Fedhas
Gozag
Hepliaklqana
Kikubaaqudgha
Makhleb
Nemelex Xobeh
Okawaru
Qazlal
Ru
Sif Muna
Trog
Uskayaw
Vehumet
Wu Jian
Xom
Yredelemnul
Zin
The Shining One

Shops:
D:1 (   D:2 [   D:5 [   D:10 (

Annotations:
D:5 1 runed translucent door, StormphoenixUK's ghost, novice OgBe
Lair:4 Rupert

▒............ ..▒▒.▒
▒▒▒▒▒...>......▒ ...P.▒▒▒
▒..▒..........▒ ...P..
.▒.....▒......▒ ▒▒....
..............▒ ▒....▒▒ ▒S. ▒▒
..............▒▒ ▒PS..f▒ ..▒▒f▒▒▒
...............▒▒▒▒..▒ ..▒.....
.................▒▒..▒▒▒▒▒S......
......†.........g@h....▒.........
f.▒..............▒h..............
▒▒............†..▒▒▒..........>..
▒f......▒▒..†.....▒P.............
▒▒)...........††.▒▒▒....▒........
.▒.............▒▒▒ ▒▒...▒........
................▒ ▒....▒.......
................▒ ▒▒..▒........
.................▒ ▒............


You could see Rupert (berserk) and 2 hell hounds.


Message History

You catch the helpless Rupert completely off-guard!
You puncture Rupert! You bite Rupert, but do no damage.
Rupert is almost dead.
Your +5 spear of the Pill Bug {spect, MP+9 Stlth+} hits Rupert!
Rupert hits you with a +0 triple sword of protection!!
* * * LOW HITPOINT WARNING * * *
You focus your inner power and illuminate Rupert in retribution!
Unknown command.
You catch the helpless Rupert completely off-guard!
You hit Rupert but do no damage.
Rupert is almost dead.
Your +5 spear of the Pill Bug {spect, MP+9 Stlth+} hits Rupert but does no damage.
Rupert barely misses you.
Unknown command.
The hell hound begins to attack, but is stunned by your conviction!
Rupert barely misses you.
Rupert is no longer blind.
Rupert hits you with a +0 triple sword of protection!!!
* * * LOW HITPOINT WARNING * * *
The hell hound begins to attack, but is stunned by your conviction!
Unknown command.
Okay, then.
Unknown command.
Okay, then.
As you read the scroll of teleportation {@r4}, it crumbles to dust.
You feel strangely unstable.
Rupert stops glowing.
Rupert hits you with a +0 triple sword of protection!!
You die...

Action                   |  1- 3 |  4- 6 |  7- 9 | 10-12 | 13-15 || total
-------------------------+-------+-------+-------+-------+-------++-------
Melee: Hand axe          |   101 |    21 |       |       |       ||   122
       Bite              |    12 |     8 |    11 |    47 |    21 ||    99
       Punch             |     1 |     1 |     1 |       |       ||     3
       Spear             |       |    46 |   170 |   527 |   156 ||   899
       War axe           |       |     2 |       |       |       ||     2
 Fire: Hunting sling     |       |       |       |   150 |       ||   150
Throw: Dart              |       |       |     8 |     8 |     6 ||    22
Invok: Sacrifice Stealth |       |       |     1 |       |       ||     1
       Sacrifice a Hand  |       |       |     1 |       |       ||     1
       Power Leap        |       |       |       |     1 |       ||     1
       Sacrifice an Eye  |       |       |       |     1 |       ||     1
       Sacrifice Artific |       |       |       |     1 |       ||     1
       Apocalypse        |       |       |       |     2 |     3 ||     5
Evoke: Wand              |       |       |       |    16 |       ||    16
  Use: Potion            |       |     1 |       |       |     1 ||     2
       Scroll            |       |       |       |    10 |     4 ||    14
 Stab: Sleeping          |     7 |    12 |    11 |       |       ||    30
       Distracted        |       |       |     4 |    11 |     2 ||    17
       Paralysed         |       |       |       |     3 |     4 ||     7
       Invisible         |       |       |       |     1 |     2 ||     3
Armor: Robe              |    16 |     9 |    43 |    61 |       ||   129
       Acid dragon scale |       |       |       |    93 |    62 ||   155
Dodge: Dodged            |    69 |    45 |    58 |   310 |    73 ||   555

Levels and vault maps discovered:
D:1:      onia_arrival_zoo_common, layout_basic, serial_shops, shop,
          minmay_hexomino_u4
D:2:      layout_rooms, serial_shops, shop_statue, nrook_mini_vaults,
          minmay_misc_feat_square
D:3:      layout_basic, dk_noncrumbling_3, kennysheep_flooded_box
D:4:      layout_rooms, mainiacjoe_overflow_chevrons,
          kennysheep_generic_room_16, uniq_grinder, uniq_crazy_yiuf_cottage,
          uniq_ijyb
D:5:      layout_layer_cave, temple_statues, hellmonk_ghost_happy_afterlife,
          nicolae_shop_dragon_depot, supply_closet_lemuel,
          lexackson_kobold_supper, uniq_menkaure
D:6:      layout_cave_pods
D:7:      layout_loops_ring, kennysheep_diamond
D:8:      layout_cave_pods
D:9:      cheibrodos_wizards_tower, layout_long_grid, orc_0_dummy,
          minmay_misc_feat_rugged
D:10:     layout_long_grid, minmay_lair_entry_lava, serial_shops,
          nicolae_shop_hallway_stairs, grunt_decor_cap,
          hangedman_decor_diamond_cutter, minmay_lindwurm_lava, uniq_harold,
          uniq_maurice
D:11:     layout_loops_cross, chequers_mini_garden
Temple:   regret_index_temple_sigil_plot
Lair:1:   layout_gridlike
Lair:2:   layout_chaotic_city
Lair:3:   layout_hall_layers, uniq_gastronok
Lair:4:   layout_layer_cave, skrybe_swamp_entry_bodies,
          minmay_snake_entry_six_corridors, enter_volcano_3, uniq_rupert,
          uniq_amaemon
Orc:1:    layout_caves, gammafunk_ghost_split
Orc:2:    st_orc_elflike, layout_diamond_mine, serial_shops, shop,
          nicolae_orc_lava_tube, uniq_saint_roka, uniq_jorgrun

Notes
Turn   | Place    | Note
-------+----------+-------------------------------------------
     0 | D:1      | sanka the Gnoll Monk began the quest for the Orb.
     0 | D:1      | Reached XP level 1. HP: 23/23 MP: 1/1
     6 | D:1      | Noticed a lindwurm
     6 | D:1      | Noticed a rime drake
     6 | D:1      | Noticed a polar bear
     7 | D:1      | Noticed a salamander
   187 | D:1      | Reached XP level 2. HP: 27/29 MP: 2/2
   389 | D:1      | Found Pusahog's Antique Weapon Boutique.
   518 | D:1      | Reached XP level 3. HP: 32/35 MP: 3/3
  1194 | D:2      | Reached skill level 1 in Invocations
  1525 | D:2      | Found Bewong's Armour Shop.
  1556 | D:2      | Reached skill level 1 in Short Blades
  1556 | D:2      | Reached skill level 1 in Long Blades
  1556 | D:2      | Reached skill level 1 in Maces & Flails
  1556 | D:2      | Reached skill level 1 in Polearms
  1556 | D:2      | Reached skill level 1 in Staves
  1556 | D:2      | Reached skill level 1 in Slings
  1556 | D:2      | Reached skill level 1 in Bows
  1556 | D:2      | Reached skill level 1 in Crossbows
  1556 | D:2      | Reached skill level 1 in Throwing
  1556 | D:2      | Reached skill level 1 in Armour
  1556 | D:2      | Reached skill level 1 in Shields
  1556 | D:2      | Reached skill level 1 in Unarmed Combat
  1556 | D:2      | Reached skill level 1 in Spellcasting
  1556 | D:2      | Reached skill level 1 in Evocations
  1716 | D:3      | Reached XP level 4. HP: 41/41 MP: 5/5
  1735 | D:3      | HP: 4/41 [something (3)]
  1740 | D:3      | HP: 1/41 [something (2)]
  1743 | D:3      | Reached skill level 1 in Conjurations
  1743 | D:3      | Reached skill level 1 in Hexes
  1743 | D:3      | Reached skill level 1 in Summonings
  1743 | D:3      | Reached skill level 1 in Necromancy
  1743 | D:3      | Reached skill level 1 in Translocations
  1743 | D:3      | Reached skill level 1 in Transmutations
  1743 | D:3      | Reached skill level 1 in Fire Magic
  1743 | D:3      | Reached skill level 1 in Ice Magic
  1743 | D:3      | Reached skill level 1 in Air Magic
  1743 | D:3      | Reached skill level 1 in Earth Magic
  1743 | D:3      | Reached skill level 1 in Poison Magic
  2010 | D:3      | Noticed an ogre
  2058 | D:3      | Identified the +5 spear of the Pill Bug {spect, MP+9
                  | Stlth+}
  2064 | D:3      | Killed an ogre
  2065 | D:3      | Reached XP level 5. HP: 37/47 MP: 3/7
  2372 | D:3      | Reached XP level 6. HP: 53/53 MP: 8/8
  2416 | D:3      | Reached skill level 2 in Invocations
  2967 | D:4      | Found a runed translucent door.
  2968 | D:4      | Noticed Crazy Yiuf
  3036 | D:4      | Noticed Ijyb
  3041 | D:4      | Killed Ijyb
  3128 | D:4      | Noticed a black bear
  3135 | D:4      | Reached skill level 2 in Short Blades
  3135 | D:4      | Reached skill level 2 in Long Blades
  3135 | D:4      | Reached skill level 2 in Maces & Flails
  3135 | D:4      | Reached skill level 2 in Polearms
  3135 | D:4      | Reached skill level 2 in Staves
  3135 | D:4      | Reached skill level 2 in Slings
  3135 | D:4      | Reached skill level 2 in Bows
  3135 | D:4      | Reached skill level 2 in Crossbows
  3135 | D:4      | Reached skill level 2 in Throwing
  3135 | D:4      | Reached skill level 2 in Armour
  3135 | D:4      | Reached skill level 2 in Shields
  3135 | D:4      | Reached skill level 2 in Unarmed Combat
  3135 | D:4      | Reached skill level 2 in Spellcasting
  3135 | D:4      | Reached skill level 2 in Evocations
  3142 | D:4      | Killed a black bear
  3168 | D:4      | Found a glowing golden altar of the Shining One.
  3189 | D:4      | Reached XP level 7. HP: 55/59 MP: 10/10
  3266 | D:4      | Reached skill level 7 in Fighting
  3266 | D:4      | Reached skill level 7 in Axes
  3266 | D:4      | Reached skill level 7 in Dodging
  3280 | D:4      | Got the Tome of Warped Changing
  3368 | D:4      | Reached skill level 2 in Conjurations
  3368 | D:4      | Reached skill level 2 in Hexes
  3368 | D:4      | Reached skill level 2 in Summonings
  3368 | D:4      | Reached skill level 2 in Necromancy
  3368 | D:4      | Reached skill level 2 in Translocations
  3368 | D:4      | Reached skill level 2 in Transmutations
  3368 | D:4      | Reached skill level 2 in Fire Magic
  3368 | D:4      | Reached skill level 2 in Ice Magic
  3368 | D:4      | Reached skill level 2 in Air Magic
  3368 | D:4      | Reached skill level 2 in Earth Magic
  3368 | D:4      | Reached skill level 2 in Poison Magic
  3373 | D:4      | Noticed Grinder
  3387 | D:4      | Killed Grinder
  3388 | D:4      | Reached skill level 5 in Stealth
  3388 | D:4      | Reached skill level 3 in Invocations
  3667 | D:4      | Killed Crazy Yiuf
  3668 | D:4      | Reached XP level 8. HP: 51/67 MP: 12/12
  3825 | D:5      | Entered Level 5 of the Dungeon
  3915 | D:5      | Found a staircase to the Ecumenical Temple.
  3933 | D:5      | Reached skill level 3 in Short Blades
  3933 | D:5      | Reached skill level 3 in Long Blades
  3933 | D:5      | Reached skill level 3 in Maces & Flails
  3933 | D:5      | Reached skill level 3 in Polearms
  3933 | D:5      | Reached skill level 3 in Staves
  3933 | D:5      | Reached skill level 3 in Slings
  3933 | D:5      | Reached skill level 3 in Bows
  3933 | D:5      | Reached skill level 3 in Crossbows
  3933 | D:5      | Reached skill level 3 in Throwing
  3933 | D:5      | Reached skill level 3 in Armour
  3933 | D:5      | Reached skill level 3 in Shields
  3933 | D:5      | Reached skill level 3 in Unarmed Combat
  3933 | D:5      | Reached skill level 3 in Spellcasting
  3933 | D:5      | Reached skill level 3 in Evocations
  3942 | Temple   | Entered the Ecumenical Temple
  4223 | Temple   | Became a worshipper of Ru the Awakened
  4242 | D:5      | Gained mutation: You are missing a hand. [Ru sacrifice]
  4242 | D:5      | Reduced skill Shields to level 0
  4242 | D:5      | Reduced skill Bows to level 0
  4242 | D:5      | Reached * piety under Ru
  4242 | D:5      | Reached ** piety under Ru
  4242 | D:5      | Reached *** piety under Ru
  4271 | D:5      | Noticed StormphoenixUK's ghost (novice OgBe)
  4274 | D:5      | Found a runed translucent door.
  4474 | D:5      | Noticed Menkaure
  4483 | D:5      | Killed Menkaure
  5075 | D:5      | Found Lodbrok's Dragon-Slaying Spoils.
  5719 | D:6      | Noticed a two-headed ogre
  5805 | D:6      | Reached skill level 3 in Conjurations
  5805 | D:6      | Reached skill level 3 in Hexes
  5805 | D:6      | Reached skill level 3 in Summonings
  5805 | D:6      | Reached skill level 3 in Necromancy
  5805 | D:6      | Reached skill level 3 in Translocations
  5805 | D:6      | Reached skill level 3 in Transmutations
  5805 | D:6      | Reached skill level 3 in Fire Magic
  5805 | D:6      | Reached skill level 3 in Ice Magic
  5805 | D:6      | Reached skill level 3 in Air Magic
  5805 | D:6      | Reached skill level 3 in Earth Magic
  5805 | D:6      | Reached skill level 3 in Poison Magic
  5805 | D:6      | Reached skill level 4 in Invocations
  6200 | D:6      | Gained mutation: You cannot be stealthy. [Ru sacrifice]
  6200 | D:6      | Reduced skill Stealth to level 0
  6249 | D:6      | Killed a two-headed ogre
  6250 | D:6      | Reached skill level 4 in Short Blades
  6250 | D:6      | Reached skill level 4 in Long Blades
  6250 | D:6      | Reached skill level 4 in Maces & Flails
  6250 | D:6      | Reached skill level 4 in Polearms
  6250 | D:6      | Reached skill level 4 in Staves
  6250 | D:6      | Reached skill level 4 in Slings
  6250 | D:6      | Reached skill level 4 in Crossbows
  6250 | D:6      | Reached skill level 4 in Throwing
  6250 | D:6      | Reached skill level 4 in Armour
  6250 | D:6      | Reached skill level 4 in Unarmed Combat
  6250 | D:6      | Reached skill level 4 in Spellcasting
  6250 | D:6      | Reached skill level 4 in Evocations
  6250 | D:6      | Reached XP level 9. HP: 74/74 MP: 15/15
  6728 | D:7      | Reached skill level 8 in Fighting
  6728 | D:7      | Reached skill level 8 in Axes
  6728 | D:7      | Reached skill level 8 in Dodging
  7064 | D:7      | Reached skill level 5 in Invocations
  7462 | D:8      | Noticed a two-headed ogre
  7482 | D:8      | Killed a two-headed ogre
  7483 | D:8      | Reached skill level 5 in Short Blades
  7483 | D:8      | Reached skill level 5 in Long Blades
  7483 | D:8      | Reached skill level 5 in Maces & Flails
  7483 | D:8      | Reached skill level 5 in Polearms
  7483 | D:8      | Reached skill level 5 in Staves
  7483 | D:8      | Reached skill level 5 in Slings
  7483 | D:8      | Reached skill level 5 in Crossbows
  7483 | D:8      | Reached skill level 5 in Throwing
  7483 | D:8      | Reached skill level 5 in Armour
  7483 | D:8      | Reached skill level 5 in Unarmed Combat
  7483 | D:8      | Reached skill level 5 in Spellcasting
  7483 | D:8      | Reached skill level 4 in Conjurations
  7483 | D:8      | Reached skill level 4 in Hexes
  7483 | D:8      | Reached skill level 4 in Summonings
  7483 | D:8      | Reached skill level 4 in Necromancy
  7483 | D:8      | Reached skill level 4 in Translocations
  7483 | D:8      | Reached skill level 4 in Transmutations
  7483 | D:8      | Reached skill level 4 in Fire Magic
  7483 | D:8      | Reached skill level 4 in Ice Magic
  7483 | D:8      | Reached skill level 4 in Air Magic
  7483 | D:8      | Reached skill level 4 in Earth Magic
  7483 | D:8      | Reached skill level 4 in Poison Magic
  7483 | D:8      | Reached skill level 5 in Evocations
  7483 | D:8      | Reached XP level 10. HP: 76/81 MP: 17/17
  8533 | D:9      | Gained mutation: You are missing an eye, making it more
                  | difficult to aim. [Ru sacrifice]
  8533 | D:9      | Reached **** piety under Ru
  8547 | D:9      | Noticed a wizard
  8926 | D:9      | Found a staircase to the Orcish Mines.
  9171 | D:9      | Noticed a wizard
  9253 | D:9      | Killed a wizard
  9254 | D:9      | Reached skill level 6 in Invocations
  9338 | D:9      | Killed a wizard
  9961 | D:10     | Entered Level 10 of the Dungeon
  9990 | D:10     | Found Anioness's Weapon Boutique.
 10096 | D:10     | Noticed a fire dragon
 10572 | D:10     | Noticed Maurice
 10585 | D:10     | Killed Maurice
 10586 | D:10     | Reached XP level 11. HP: 87/87 MP: 19/19
 11014 | D:10     | Noticed a lindwurm
 11014 | D:10     | Noticed a lindwurm
 11169 | D:10     | Found a staircase to the Lair.
 11179 | D:10     | Noticed a two-headed ogre
 11190 | D:10     | Killed a two-headed ogre
 11191 | D:10     | Reached skill level 9 in Fighting
 11191 | D:10     | Reached skill level 6 in Short Blades
 11191 | D:10     | Reached skill level 6 in Long Blades
 11191 | D:10     | Reached skill level 9 in Axes
 11191 | D:10     | Reached skill level 6 in Maces & Flails
 11191 | D:10     | Reached skill level 6 in Polearms
 11191 | D:10     | Reached skill level 6 in Staves
 11191 | D:10     | Reached skill level 6 in Slings
 11191 | D:10     | Reached skill level 6 in Crossbows
 11191 | D:10     | Reached skill level 6 in Throwing
 11191 | D:10     | Reached skill level 6 in Armour
 11191 | D:10     | Reached skill level 9 in Dodging
 11191 | D:10     | Reached skill level 6 in Unarmed Combat
 11191 | D:10     | Reached skill level 6 in Spellcasting
 11191 | D:10     | Reached skill level 5 in Conjurations
 11191 | D:10     | Reached skill level 5 in Hexes
 11191 | D:10     | Reached skill level 5 in Summonings
 11191 | D:10     | Reached skill level 5 in Necromancy
 11191 | D:10     | Reached skill level 5 in Translocations
 11191 | D:10     | Reached skill level 5 in Transmutations
 11191 | D:10     | Reached skill level 5 in Fire Magic
 11191 | D:10     | Reached skill level 5 in Ice Magic
 11191 | D:10     | Reached skill level 5 in Air Magic
 11191 | D:10     | Reached skill level 5 in Earth Magic
 11191 | D:10     | Reached skill level 5 in Poison Magic
 11191 | D:10     | Reached skill level 6 in Evocations
 11385 | D:10     | Noticed a lindwurm
 11421 | D:10     | Identified +0 acid dragon scales
 11510 | D:10     | Noticed a lindwurm
 11521 | D:10     | Noticed Harold
 11529 | D:10     | Killed Harold
 11758 | D:10     | Found the ring of the Tortoise {AC+8}
 12334 | D:10     | Noticed a manticore
 12334 | D:10     | a lindwurm changed into a manticore
 12353 | D:10     | Killed a manticore
 12657 | D:10     | Killed a lindwurm
 12664 | D:10     | Killed a lindwurm
 12783 | D:10     | Killed a lindwurm
 12784 | D:10     | Reached skill level 7 in Invocations
 12808 | D:10     | Identified the +4 glaive of Revolt {flame, rElec Dex+3}
 12814 | D:10     | Identified the amulet of the Philosopher {Acrobat Rampage
                  | rElec rF- Int+2}
 12832 | D:10     | Identified the +1 chain mail "Earthly Heaven" {rElec Int-3
                  | Dex+3 Stlth+}
 12937 | D:11     | Noticed a two-headed ogre
 12947 | D:11     | Killed a two-headed ogre
 13008 | D:11     | Noticed a two-headed ogre
 13020 | D:11     | Killed a two-headed ogre
 13109 | D:11     | Noticed a manticore
 13124 | D:11     | Killed a manticore
 13349 | D:11     | Gained mutation: You cannot study or use magical devices.
                  | [Ru sacrifice]
 13349 | D:11     | Reduced skill Evocations to level 0
 13349 | D:11     | Reached ***** piety under Ru
 13349 | D:11     | Reached ****** piety under Ru
 13373 | D:11     | Reached XP level 12. HP: 96/96 MP: 22/22
 13667 | D:11     | Identified +0 acid dragon scales
 13678 | D:11     | Reached skill level 7 in Short Blades
 13678 | D:11     | Reached skill level 7 in Long Blades
 13678 | D:11     | Reached skill level 7 in Maces & Flails
 13678 | D:11     | Reached skill level 7 in Polearms
 13678 | D:11     | Reached skill level 7 in Staves
 13678 | D:11     | Reached skill level 7 in Slings
 13678 | D:11     | Reached skill level 7 in Crossbows
 13678 | D:11     | Reached skill level 7 in Throwing
 13678 | D:11     | Reached skill level 7 in Armour
 13678 | D:11     | Reached skill level 7 in Unarmed Combat
 13678 | D:11     | Reached skill level 7 in Spellcasting
 14066 | Orc:1    | Entered Level 1 of the Orcish Mines
 14334 | Orc:2    | Entered Level 2 of the Orcish Mines
 14353 | Orc:2    | Noticed an orc warlord
 14412 | Lair:1   | Entered Level 1 of the Lair of Beasts
 14521 | D:10     | Killed a fire dragon
 14521 | D:10     | Identified +0 fire dragon scales
 14522 | D:10     | Reached skill level 6 in Conjurations
 14522 | D:10     | Reached skill level 6 in Hexes
 14522 | D:10     | Reached skill level 6 in Summonings
 14522 | D:10     | Reached skill level 6 in Necromancy
 14522 | D:10     | Reached skill level 6 in Translocations
 14522 | D:10     | Reached skill level 6 in Transmutations
 14522 | D:10     | Reached skill level 6 in Fire Magic
 14522 | D:10     | Reached skill level 6 in Ice Magic
 14522 | D:10     | Reached skill level 6 in Air Magic
 14522 | D:10     | Reached skill level 6 in Earth Magic
 14522 | D:10     | Reached skill level 6 in Poison Magic
 14708 | Lair:1   | Reached skill level 8 in Invocations
 14792 | Lair:1   | Noticed a five-headed hydra
 14802 | Lair:1   | Killed a five-headed hydra
 15067 | Lair:1   | Reached skill level 10 in Fighting
 15067 | Lair:1   | Reached skill level 10 in Axes
 15067 | Lair:1   | Reached skill level 10 in Dodging
 15482 | Lair:2   | Noticed a catoblepas
 15500 | Lair:2   | Killed a catoblepas
 15901 | Lair:2   | Noticed an eight-headed hydra
 15902 | Lair:2   | Identified the +1 halberd of Megalomania {vorpal, +Blink
                  | rElec rF+ rN+}
 15976 | Lair:2   | Killed an eight-headed hydra
 16282 | Lair:2   | Reached XP level 13. HP: 97/103 MP: 24/24
 17093 | Lair:3   | Reached skill level 8 in Short Blades
 17093 | Lair:3   | Reached skill level 8 in Long Blades
 17093 | Lair:3   | Reached skill level 8 in Maces & Flails
 17093 | Lair:3   | Reached skill level 8 in Polearms
 17093 | Lair:3   | Reached skill level 8 in Staves
 17093 | Lair:3   | Reached skill level 8 in Slings
 17093 | Lair:3   | Reached skill level 8 in Crossbows
 17093 | Lair:3   | Reached skill level 8 in Throwing
 17093 | Lair:3   | Reached skill level 8 in Armour
 17093 | Lair:3   | Reached skill level 8 in Unarmed Combat
 17093 | Lair:3   | Reached skill level 8 in Spellcasting
 17135 | Lair:3   | Noticed Gastronok
 17163 | Lair:3   | Killed Gastronok
 17603 | Lair:4   | Found a staircase to the Snake Pit.
 17676 | Lair:4   | Reached skill level 9 in Invocations
 17776 | Lair:4   | Noticed Rupert
 17795 | Lair:4   | HP: 2/85 [Rupert/+0 triple sword of protection (32)]
 17796 | Lair:4   | Annihilated by Rupert

Vanquished Creatures
  Gastronok (Lair:3)
  A fire dragon (D:10)
  2 hydras
  Harold (D:10)
  A catoblepas (Lair:2)
  5 two-headed ogres
  3 lindwurms (D:10)
  2 wizards (D:9)
  A cyclops (D:11)
  An ugly thing (D:11)
  2 manticores
  Maurice (D:10)
  6 elephants (Lair:4)
  5 black mambas
  3 cane toads
  A rime drake (Lair:2)
  A kobold demonologist (D:11)
  3 komodo dragons
  4 trolls
  Grinder (D:4)
  4 blink frogs (Lair:2)
  A shadow (D:10)
  5 wyverns
  18 yaks
  A wraith (D:11)
  3 vampire mosquitoes (D:11)
  Menkaure (D:5)
  3 acid dragons
  15 water moccasins
  8 orc warriors
  3 black bears
  A sky beast (D:6)
  2 ogres
  8 centaurs
  2 kobold brigands
  11 bullfrogs
  A scorpion (D:5)
  2 necrophages (D:6)
  10 killer bees
  2 howler monkeys
  4 hounds
  A jelly (D:6)
  7 orc priests
  Crazy Yiuf (D:4)
  4 gnoll shamans
  Ijyb (D:4)
  5 hell rats (Lair:1)
  4 iguanas
  8 orc wizards
  19 gnolls
  9 adders
  2 shadow imps
  3 white imps
  3 worms
  2 dart slugs
  37 orcs
  7 ball pythons
  7 endoplasms
  4 giant cockroaches
  11 goblins
  6 hobgoblins
  3 jackals (D:4)
  17 kobolds
  5 quokkas
  9 bats
  3 frilled lizards
  7 rats
335 creatures vanquished.

Vanquished Creatures (others)
  A troll (D:9)
  5 fungi
  21 plants
27 creatures vanquished.

Grand Total: 362 creatures vanquished
